[Event "Late-Titled-Tuesday-Blitz-March-26-2024"]
[Site "Chess.com"]
[Date "2024.03.26"]
[Round "10"]
[White "ImportedItalianMaple"]
[Black "financieru"]
[Result "1-0"]
[WhiteElo "2523"]
[BlackElo "2408"]
[TimeControl "180+1"]
[EndTime "15:51:22 PDT"]
[Termination "ImportedItalianMaple won by resignation"]

1. Nf3 Nf6 2. g3 g6 3. Bg2 Bg7 4. O-O O-O 5. d4 d6 6. c4 Nbd7 7. Nc3 e5 8. e4 c6 9. h3 Qb6 10.
c5 dxc5 11. dxe5 Ne8 12. e6 fxe6 13. Ng5 Nc7 14. f4 Bd4+ 15. Kh2 e5 16. f5 Nf6 17.
Qe2 Nb5 18. Nf3 Nxc3 19. bxc3 Bxc3 20. Qc4+ Kg7 21. Qxc3 Qc7 1-0

[Event "Late-Titled-Tuesday-Blitz-March-26-2024"]
[Site "Chess.com"]
[Date "2024.03.26"]
[Round "10"]
[White "Zkid"]
[Black "aghasiyevkamal"]
[Result "1-0"]
[WhiteElo "2909"]
[BlackElo "2644"]
[TimeControl "180+1"]
[EndTime "15:51:31 PDT"]
[Termination "Zkid won by resignation"]

1. e4 c5 2. Nf3 d6 3. d4 cxd4 4.
Nxd4 Nf6 5. Nc3 g6 6. Be3 Bg7 7. f3 O-O 8. Qd2 Nc6 9. O-O-O d5 10. Qe1 e5 11. Nxc6 bxc6 12. exd5 Nxd5 13. Bc4 Be6 14. Bc5 Re8 15. Ne4 Qc7 16. h4 Rad8 17. h5 Nf4 18. Rxd8 Rxd8 19. Bxe6 Nxe6 20. hxg6 hxg6 21. Ba3 c5 22.
Qh4 f5 23. Nxc5 Nd4 24. c3 Ne2+ 25. Kc2 Nf4 26. g3 Nd5 27. Ne6 Ne3+ 28. Kb1 1-0

[Event "Late-Titled-Tuesday-Blitz-March-26-2024"]
[Site "Chess.com"]
[Date "2024.03.26"]
[Round "10"]
[White "Shankland"]
[Black "Polish_fighter3000"]
[Result "0-1"]
[WhiteElo "2920"]
[BlackElo "3121"]
[TimeControl "180+1"]
[EndTime "15:51:37 PDT"]
[Termination "Polish_fighter3000 won by resignation"]

1. d4 Nf6 2. c4 g6 3. Nc3 d5 4.
Bg5 Ne4 5. Bf4 Nxc3 6. bxc3 c5 7. Nf3 Nc6 8. cxd5 Qxd5 9. Qb3 Qxb3 10. axb3 cxd4 11. cxd4 Be6 12. e4 Bg7 13. Bb5 Bxb3 14. Ra3 Bc2 15. d5 Bxe4 16. dxc6 bxc6 17. Be2 O-O 18.
Re3 Bd5 19. Rxe7 Rfe8 20. Rxe8+ Rxe8 21. Kd2 a5 22. Be3 a4 23. Rc1 a3 24. Bc4 Bxc4 0-1

[Event "Late-Titled-Tuesday-Blitz-March-26-2024"]
[Site "Chess.com"]
[Date "2024.03.26"]
[Round "10"]
[White "The_Straightforward_Rook"]
[Black "expii"]
[Result "1-0"]
[WhiteElo "2394"]
[BlackElo "2216"]
[TimeControl "180+1"]
[EndTime "15:51:46 PDT"]
[Termination "The_Straightforward_Rook won by resignation"]

1. e4 c5 2. c3 Nf6 3. e5 Nd5 4. Nf3 e6 5. Bc4 Nc6 6. O-O Nb6 7. Bb3 Qc7 8. d4 c4 9. Bc2 d5 10. Nbd2 Be7 11. Re1 g6 12. Nf1 h5 13. h4 Bd7 14.
Bg5 O-O-O 15. b3 Bxg5 16. Nxg5 Rdf8 17. Ne3 cxb3 18. axb3 Ne7 19. c4 Nf5 20. c5 Nxe3 21. fxe3 Na8 22. Rf1 Qb8 23. Rxf7 Rxf7 24. Nxf7 Rf8 25. Bxg6 Nc7 26. Nd6+ Kd8 27. Qxh5 1-0

[Event "Late-Titled-Tuesday-Blitz-March-26-2024"]
[Site "Chess.com"]
[Date "2024.03.26"]
[Round "10"]
[White "giovannibrandao7"]
[Black "Bala-Afiada"]
[Result "1/2-1/2"]
[WhiteElo "2155"]
[BlackElo "1876"]
[TimeControl "180+1"]
[EndTime "15:51:47 PDT"]
[Termination "Game drawn by repetition"]

1. e4 c5 2. Nf3 Nc6 3. Bb5 d6 4.
O-O Bg4 5. Re1 e5 6. c3 a6 7. Bxc6+ bxc6 8. d3 Qf6 9. Nbd2 Be7 10. Qa4 Bd7 11.
Nf1 Qg6 12. Ng3 Nf6 13. Nf5 h6 14. Nxe7 Kxe7 15. Qd1 Bh3 16. g3 Bg4 17. Kg2 Qh5 18. d4 Qh3+ 19. Kg1 Qh5 20. Kg2 Qh3+ 21. Kg1 Qh5 22.
Kg2 1/2-1/2

[Event "Late-Titled-Tuesday-Blitz-March-26-2024"]
[Site "Chess.com"]
[Date "2024.03.26"]
[Round "10"]
[White "cristiano78"]
[Black "Chesstiger64"]
[Result "1/2-1/2"]
[WhiteElo "2254"]
[BlackElo "2400"]
[TimeControl "180+1"]
[EndTime "15:51:55 PDT"]
[Termination "Game drawn by repetition"]

1. d4 d6 2. c4 e5 3. dxe5 dxe5 4. Qxd8+ Kxd8 5. Nc3 c6 6. e4 Bb4 7. Bd2 a5 8. O-O-O Kc7 9. a3 Bxc3 10. Bxc3 f6 11. Nf3 Bg4 12. Be2 Bxf3 13. Bxf3 Ne7 14. g3 Nd7 15. Kc2 Nc5 16. b3 a4 17. b4 Nb3 18.
Rd3 Rhd8 19. Rhd1 Rxd3 20. Rxd3 Rd8 21. Rxd8 Kxd8 22. Be2 b6 23. Kb2 c5 24. Bd1 cxb4 25. axb4 Nd4 26. Bxa4 Kc7 27. Bxd4 exd4 28. f4 g5 29. Kc2 gxf4 30. gxf4 Ng6 31. Kd3 Nxf4+ 32. Kxd4 Ne6+ 33. Kd5 Nf4+ 34. Kd4 Ne6+ 35. Kd5 Nf4+ 36. Kd4 1/2-1/2

[Event "Late-Titled-Tuesday-Blitz-March-26-2024"]
[Site "Chess.com"]
[Date "2024.03.26"]
[Round "10"]
[White "SuperJesus88"]
[Black "Binary010"]
[Result "0-1"]
[WhiteElo "2509"]
[BlackElo "2778"]
[TimeControl "180+1"]
[EndTime "15:52:14 PDT"]
[Termination "Binary010 won by resignation"]

1. e4 c5 2. Nf3 d6 3. d4 cxd4 4.
Nxd4 Nf6 5. Nc3 a6 6. h3 e5 7. Nf3 Be7 8. Nd2 b5 9. a4 b4 10. Nd5 Nxd5 11. exd5 Bb7 12. Nc4 Nd7 13. a5 O-O 14. Be3 f5 15. Nb6 f4 16. Nxd7 Qxd7 17. Bb6 e4 18. Qg4 Qxg4 19. hxg4 Bxd5 20. O-O-O Be6 21.
f3 e3 22. Bd3 h6 23. Be4 Rab8 24. Bc7 Rb5 25. Bxd6 Rxa5 26. c3 Ra1+ 27. Bb1 Bxd6 28.
Rxd6 Ba2 29. Kc2 b3+ 0-1

[Event "Late-Titled-Tuesday-Blitz-March-26-2024"]
[Site "Chess.com"]
[Date "2024.03.26"]
[Round "10"]
[White "Abhishek2"]
[Black "HelenaWalker2912"]
[Result "1-0"]
[WhiteElo "2384"]
[BlackElo "2477"]
[TimeControl "180+1"]
[EndTime "15:52:19 PDT"]
[Termination "Abhishek2 won by resignation"]

1. d4 d5 2. Bf4 c5 3. e3 Nc6 4.
Nf3 cxd4 5. exd4 Bg4 6. c3 e6 7. Qb3 Qb6 8. Qxb6 axb6 9. Bc7 Bxf3 10. gxf3 Kd7 11. Bxb6 Bd6 12. Nd2 Nf6 13. a4 Nh5 14. Bb5 Nf4 15. Kd1 h5 16. a5 h4 17. c4 Bc7 18. Bxc7 Kxc7 19. Bxc6 Kxc6 20. Kc2 Rhc8 21. b3 Rd8 22. c5 Kb5 23. b4 f6 24. Nb1 Kxb4 25. Nc3 1-0

[Event "Late-Titled-Tuesday-Blitz-March-26-2024"]
[Site "Chess.com"]
[Date "2024.03.26"]
[Round "10"]
[White "GMG"]
[Black "TigrVShlyape"]
[Result "1/2-1/2"]
[WhiteElo "2802"]
[BlackElo "2910"]
[TimeControl "180+1"]
[EndTime "15:52:20 PDT"]
[Termination "Game drawn by repetition"]

1. Nf3 d5 2. g3 Nf6 3. Bg2 c6 4. c4 g6 5. b3 Bg7 6. Bb2 O-O 7.
O-O b6 8. d4 Bb7 9. Nc3 Nbd7 10.
Qd3 e6 11. Rfd1 Qe7 12. e4 dxe4 13. Nxe4 c5 14. Ne5 Nxe4 15. Bxe4 Nxe5 16. dxe5 Rfd8 17. Qf3 Bxe4 18. Qxe4 Rac8 19. f4 Rd7 20. Qe2 Rcd8 21. Rxd7 Qxd7 22. Bc3 Qd3 23. Qxd3 Rxd3 24. Rc1 h5 25. Kf2 Bf8 26. Ke2 Rd7 27. Rd1 Rxd1 28.
Kxd1 Be7 29. Ke2 Kf8 30. Kf3 Ke8 31. Ke4 Kd7 32. h3 a6 33. a4 Kc6 34. g4 hxg4 35. hxg4 b5 36. g5 b4 37. Bd2 Kd7 38. Be3 Kc6 39. Bf2 Kd7 40. Be3 Kc6 41. Bf2 Kd7 42. Be3 1/2-1/2

[Event "Late-Titled-Tuesday-Blitz-March-26-2024"]
[Site "Chess.com"]
[Date "2024.03.26"]
[Round "10"]
[White "a_kandil"]
[Black "Shahdad2007"]
[Result "1-0"]
[WhiteElo "2541"]
[BlackElo "2612"]
[TimeControl "180+1"]
[EndTime "15:52:25 PDT"]
[Termination "a_kandil won by checkmate"]

1. e4 c5 2. Nf3 e6 3. g3 Nc6 4.
Bg2 b5 5. O-O Bb7 6. d4 cxd4 7.
Nxd4 a6 8. Nxc6 Bxc6 9. Bf4 Nf6 10. Nc3 b4 11. Nd5 Be7 12. Nxe7 Qxe7 13. Bd6 Qd8 14.
Bxb4 Qb6 15. Qd6 O-O-O 16. Bc5 Qb7 17. Rfe1 Nxe4 18. Bxe4 Bxe4 19. Re3 Bd5 20. Rc3 Bc6 21. Rb3 Qc7 22. Rd1 h5 23. Qxc7+ Kxc7 24. Bd6+ Kc8 25.
Rb8# 1-0

[Event "Late-Titled-Tuesday-Blitz-March-26-2024"]
[Site "Chess.com"]
[Date "2024.03.26"]
[Round "10"]
[White "AndresDelgado77"]
[Black "AccioChess"]
[Result "1-0"]
[WhiteElo "2337"]
[BlackElo "2475"]
[TimeControl "180+1"]
[EndTime "15:52:31 PDT"]
[Termination "AndresDelgado77 won by resignation"]

1. e4 c5 2. Nf3 e6 3. b4 cxb4 4.
d4 d5 5. e5 Nc6 6. a3 bxa3 7.
c3 Nh6 8. Bd3 Nf5 9. h4 Be7 10.
h5 h6 11. Nxa3 Nh4 12. Nxh4 Bxh4 13. Qg4 Bg5 14. f4 Be7 15. Qxg7 Kd7 16. f5 Qa5 17. Nc2 Qxc3+ 18. Ke2 Nxd4+ 19. Nxd4 Qxd4 20. Be3 Qb2+ 21. Kf3 b6 22. Rhb1 Rg8 23. Qxg8 Qxe5 24. Bb5+ Kc7 25. Bf4 1-0

[Event "Late-Titled-Tuesday-Blitz-March-26-2024"]
[Site "Chess.com"]
[Date "2024.03.26"]
[Round "10"]
[White "akanga001"]
[Black "roxannyzoldyck"]
[Result "1-0"]
[WhiteElo "2092"]
[BlackElo "2175"]
[TimeControl "180+1"]
[EndTime "15:52:31 PDT"]
[Termination "akanga001 won by resignation"]

1. d4 Nf6 2. c4 g6 3. Nc3 Bg7 4.
e4 d6 5. Nge2 O-O 6. Ng3 c5 7.
d5 e6 8. Be2 exd5 9. cxd5 Nbd7 10. h4 a6 11. a4 b6 12. h5 Re8 13. h6 Bh8 14. Bg5 Bb7 15. O-O Rc8 16. f4 c4 17.
f5 Qc7 18. fxg6 fxg6 19. Kh1 Rf8 20. e5 Nxe5 21. Nge4 Nxe4 22. Nxe4 Rxf1+ 23. Qxf1 Bxd5 24. Nf6+ Bxf6 25. Bxf6 Rf8 26. Qf4 Qf7 27. Bxe5 Qxf4 28. Bxf4 Rxf4 29. Rd1 Rf5 30. Rxd5 Rxd5 31. Bxc4 b5 32.
axb5 axb5 33. Bxd5+ Kf8 34. g4 Ke7 35. g5 Kd7 36. Bg8 Ke7 37. Bxh7 Kf7 38. Kg2 d5 39.
Kf2 d4 40. Ke2 b4 41. Kd3 1-0

[Event "Late-Titled-Tuesday-Blitz-March-26-2024"]
[Site "Chess.com"]
[Date "2024.03.26"]
[Round "10"]
[White "giomar27"]
[Black "NMJeevanK"]
[Result "0-1"]
[WhiteElo "2457"]
[BlackElo "2623"]
[TimeControl "180+1"]
[EndTime "15:52:35 PDT"]
[Termination "NMJeevanK won by resignation"]

1. d4 Nf6 2. Nc3 e6 3. Bf4 Bb4 4. f3 d5 5. e3 O-O 6. Bd3 c5 7. a3 cxd4 8. exd4 Bd6 9. Nge2 Nc6 10. Bxd6 Qxd6 11. O-O a6 12. Qe1 e5 13. dxe5 Nxe5 14. Rd1 Qb6+ 15. Kh1 Qxb2 16. Nd4 Nxd3 17. Rxd3 Qb6 18. Qh4 Bd7 19. Rb1 Qc7 20. g4 h6 21. g5 hxg5 22. Qxg5 Nh7 23. Qg2 Rae8 24. Nxd5 Qc5 25. Ne3 Rxe3 26. Rxe3 Qxd4 27. Rbe1 Bc6 28. c3 Qf4 29. Rg1 g6 30. Qe2 Nf6 31. Rf1 Bb5 32. c4 Bxc4 0-1

[Event "Late-Titled-Tuesday-Blitz-March-26-2024"]
[Site "Chess.com"]
[Date "2024.03.26"]
[Round "10"]
[White "Msb2"]
[Black "Houdinovic"]
[Result "1-0"]
[WhiteElo "3017"]
[BlackElo "2718"]
[TimeControl "180+1"]
[EndTime "15:52:37 PDT"]
[Termination "Msb2 won on time"]

1. d4 Nf6 2. c4 e6 3. Nc3 Bb4 4. e3 O-O 5. Bd2 b6 6. Nf3 Bb7 7. Bd3 d5 8. cxd5 exd5 9. Rc1 a6 10. O-O Nbd7 11. Ne5 Nxe5 12. dxe5 Bxc3 13. Bxc3 Ne4 14. f4 Re8 15. Bxe4 dxe4 16. Qg4 Qe7 17. f5 Qf8 18. e6 f6 19. Qg3 Qe7 20. b4 Red8 21. Bd4 Rac8 22. a3 Rd6 23. h4 Bc6 24. Rf2 Bb5 25. Rfc2 Bd3 26. Rc3 h6 27. Qf4 Qd8 28. Kh2 b5 29.
Rc6 1-0

[Event "Late-Titled-Tuesday-Blitz-March-26-2024"]
[Site "Chess.com"]
[Date "2024.03.26"]
[Round "10"]
[White "secretsuperstar7"]
[Black "stepanosinovsky"]
[Result "0-1"]
[WhiteElo "2493"]
[BlackElo "2405"]
[TimeControl "180+1"]
[EndTime "15:52:40 PDT"]
[Termination "stepanosinovsky won by checkmate"]

1. c4 Nf6 2. Nc3 g6 3. e4 d6 4.
d3 Bg7 5. g3 O-O 6. Bg2 Nfd7 7.
Nge2 f5 8. exf5 gxf5 9. O-O e5 10.
d4 f4 11. gxf4 exd4 12. Nxd4 Nc5 13. Be3 Nc6 14. Nxc6 bxc6 15. Bxc6 Bh3 16. Re1 Ne6 17. Bxa8 Qxa8 18. Qd5 c6 19. Qxd6 Rd8 20. Qe7 Bxc3 21.
bxc3 c5 22. f3 Qxf3 23. Re2 Qxe2 24. Bf2 Qf3 25. f5 Qg2# 0-1

[Event "Late-Titled-Tuesday-Blitz-March-26-2024"]
[Site "Chess.com"]
[Date "2024.03.26"]
[Round "10"]
[White "Statham_01"]
[Black "DeArron_Fox"]
[Result "1-0"]
[WhiteElo "2625"]
[BlackElo "2516"]
[TimeControl "180+1"]
[EndTime "15:52:45 PDT"]
[Termination "Statham_01 won by checkmate"]

1. e4 c5 2. a3 Nc6 3. b4 cxb4 4. axb4 Nxb4 5. d4 d5 6. c3 Nc6 7. exd5 Qxd5 8. Na3 Nf6 9. Nb5 Qd8 10. d5 Nb8 11.
Bf4 e5 12. Bxe5 Qe7 13. Qe2 Nxd5 14. c4 Nc6 15. cxd5 Nxe5 16. d6 Nd3+ 17. Kd2 Qxe2+ 18.
Bxe2 Nc5 19. Re1 Kd8 20. Nf3 a6 21. Ng5 axb5 22. Nxf7+ Kd7 23. Bxb5# 1-0

[Event "Late-Titled-Tuesday-Blitz-March-26-2024"]
[Site "Chess.com"]
[Date "2024.03.26"]
[Round "10"]
[White "djano"]
[Black "zverr1"]
[Result "1-0"]
[WhiteElo "2676"]
[BlackElo "2551"]
[TimeControl "180+1"]
[EndTime "15:52:46 PDT"]
[Termination "djano won by resignation"]

1. e4 d5 2. Nc3 dxe4 3. Nxe4 Nf6 4. Nxf6+ exf6 5. d4 Bf5 6. Nf3 Bd6 7. Bd3 Bxd3 8.
Qxd3 O-O 9. O-O Re8 10. Be3 c6 11. c4 Nd7 12. Qb3 b6 13. Rad1 Nf8 14. c5 Bc7 15. d5 bxc5 16. dxc6 Qe7 17. Rd5 Bd6 18.
Rfd1 Red8 19. Qd3 Bc7 20. Bxc5 Qe6 21. Rxd8 Rxd8 22. Qxd8 Bxd8 23. Rxd8 h5 24. c7 Qc4 25. g3 Qc1+ 26. Kg2 Qxc5 27. c8=Q Qb4 28. a3 Qe7 29.
Re8 Qd6 30. b4 a5 31. Rxf8+ Qxf8 32. Qxf8+ Kxf8 33. bxa5 Ke7 34. a6 Kd6 35. a7 1-0

[Event "Late-Titled-Tuesday-Blitz-March-26-2024"]
[Site "Chess.com"]
[Date "2024.03.26"]
[Round "10"]
[White "BilicVladimir"]
[Black "carokannlover213"]
[Result "0-1"]
[WhiteElo "2658"]
[BlackElo "2835"]
[TimeControl "180+1"]
[EndTime "15:52:48 PDT"]
[Termination "carokannlover213 won by resignation"]

1. e4 e6 2. d4 d5 3. Nd2 Be7 4. Ngf3 Nf6 5. e5 Nfd7 6. c4 c5 7. cxd5 exd5 8. dxc5 Nc6 9. Nb3 Nxc5 10. Nxc5 Bxc5 11.
h3 Qb6 12. Qc2 Nb4 13. Qe2 O-O 14. a3 Qa5 15. Bd2 Nc2+ 16. Kd1 Qa4 17. Rb1 Ne3+ 18. Ke1 Nc2+ 19. Kd1 Bf5 20. b3 Qxa3 21. Nh4 Nd4 22. Nxf5 Nxe2 23. Bxe2 Rfe8 24. f4 Bb4 25. Rf1 Qa2 26.
Bxb4 Qxb1+ 27. Kd2 Qxf5 0-1

[Event "Late-Titled-Tuesday-Blitz-March-26-2024"]
[Site "Chess.com"]
[Date "2024.03.26"]
[Round "10"]
[White "CaspiIsrael"]
[Black "Navyblue1"]
[Result "1-0"]
[WhiteElo "2645"]
[BlackElo "2287"]
[TimeControl "180+1"]
[EndTime "15:52:48 PDT"]
[Termination "CaspiIsrael won on time"]

1. e4 c5 2. Nf3 d6 3. d4 cxd4 4. Nxd4 Nf6 5. f3 e5 6. Nb3 Be7 7. c4 Be6 8. Nc3 Qc7 9. Be3 a6 10. Rc1 Nbd7 11. Nd5 Qd8 12. Qd2 O-O 13. Be2 Bxd5 14.
cxd5 Rc8 15. O-O Ne8 16. Na5 Rxc1 17. Rxc1 Qb8 18. Qb4 Bd8 19. Nxb7 Nc5 20. Bxc5 dxc5 21. Qb3 Qa7 22. Nxc5 Bb6 23. Qa3 Nd6 24. Kh1 Rc8 25. Nd3 Rxc1+ 26. Nxc1 Qc7 27. Qc3 Qxc3 28. bxc3 a5 29. a4 f6 30. Ba6 Be3 31. Nb3 f5 32. c4 fxe4 33. c5 Ne8 34. fxe4 Nf6 35. Bd3 Ng4 36. g3 Nf2+ 37. Kg2 Nxd3 38. c6 Bb6 39.
d6 Nb4 40. c7 Bxc7 41. dxc7 1-0

[Event "Late-Titled-Tuesday-Blitz-March-26-2024"]
[Site "Chess.com"]
[Date "2024.03.26"]
[Round "10"]
[White "FairChess_on_YouTube"]
[Black "Kildepiotr"]
[Result "0-1"]
[WhiteElo "3074"]
[BlackElo "2750"]
[TimeControl "180+1"]
[EndTime "15:52:52 PDT"]
[Termination "Kildepiotr won by resignation"]

1. e4 e6 2. d4 d5 3. Nc3 Bb4 4.
e5 b6 5. Qg4 Bf8 6. Nf3 Ne7 7.
Bg5 Qd7 8. O-O-O Ba6 9. Bxe7 Qxe7 10. Kb1 Bxf1 11. Rhxf1 Qd7 12. Nh4 Nc6 13. f4 g6 14.
Qe2 Be7 15. Nf3 h5 16. g3 O-O-O 17. h3 Kb7 18. g4 hxg4 19. hxg4 Na5 20. Nd2 Bb4 21.
Qd3 Rh4 22. Nf3 Rxg4 23. Ne2 Rh8 24. Rh1 Rxh1 25. Rxh1 Nc4 26. b3 Qb5 27. bxc4 dxc4 28.
Qe4+ Ka6 29. Ka1 Rg2 30. a4 Qxa4+ 31. Kb1 Rxe2 32. Qxe2 Bc3 0-1

[Event "Late-Titled-Tuesday-Blitz-March-26-2024"]
[Site "Chess.com"]
[Date "2024.03.26"]
[Round "10"]
[White "jstopa4"]
[Black "Sanyura"]
[Result "0-1"]
[WhiteElo "2717"]
[BlackElo "2606"]
[TimeControl "180+1"]
[EndTime "15:52:53 PDT"]
[Termination "Sanyura won by resignation"]

1. d4 Nf6 2. Nf3 g6 3. Nc3 Bg7 4. e4 d6 5. Be2 O-O 6. O-O e5 7. Re1 Nc6 8. d5 Ne7 9. a4 Nh5 10. g3 f5 11. exf5 Bxf5 12. Ng5 Nf6 13. a5 Qd7 14. a6 bxa6 15. Rxa6 h6 16. Nf3 Ne4 17.
Bd2 Nxc3 18. Bxc3 Be4 19. Nh4 g5 20. Bc4 Bh7 21. Ng2 Rf7 22. Bd3 Raf8 23. Bxh7+ Kxh7 24.
Re2 Qh3 25. Rxa7 Nf5 26. Qd3 Kg8 27. Ra1 h5 28. Rf1 Nh6 29. Ne3 Rf3 30. Qg6 Rxe3 31. Rxe3 Ng4 32. Qe6+ Kh8 0-1

[Event "Late-Titled-Tuesday-Blitz-March-26-2024"]
[Site "Chess.com"]
[Date "2024.03.26"]
[Round "10"]
[White "Fandorine"]
[Black "Byniolus"]
[Result "1-0"]
[WhiteElo "2913"]
[BlackElo "2746"]
[TimeControl "180+1"]
[EndTime "15:52:58 PDT"]
[Termination "Fandorine won by resignation"]

1. e4 d5 2. exd5 Nf6 3. d4 Nxd5 4. Nf3 Bg4 5. Be2 e6 6. O-O Be7 7.
Ne5 Bxe2 8. Qxe2 O-O 9. Rd1 Nd7 10. c4 N5f6 11. Nc3 c6 12. Bf4 Qa5 13. Nxd7 Nxd7 14. d5 e5 15. dxc6 exf4 16. Rxd7 Bc5 17. cxb7 Rab8 18.
Nd5 Rfe8 19. Qd1 f3 20. gxf3 Qa6 21. b4 Qg6+ 22. Kh1 Bxf2 23. Ne7+ Rxe7 24. Rxe7 h5 25.
Qe2 Qf6 26. Rf1 1-0

[Event "Late-Titled-Tuesday-Blitz-March-26-2024"]
[Site "Chess.com"]
[Date "2024.03.26"]
[Round "10"]
[White "Bryanl106"]
[Black "Nf3c5"]
[Result "1-0"]
[WhiteElo "2678"]
[BlackElo "2562"]
[TimeControl "180+1"]
[EndTime "15:52:58 PDT"]
[Termination "Bryanl106 won on time"]

1. e4 c5 2. Nf3 Nc6 3. d4 cxd4 4. Nxd4 e5 5. Nb5 d6 6. N1c3 a6 7. Na3 Be6 8. Nc4 Rb8 9. g3 g6 10. Ne3 Bg7 11. Bg2 Nf6 12. O-O O-O 13. Ncd5 Ne7 14. c4 Nc6 15. b3 Nd4 16. Bb2 Nxd5 17. cxd5 Bd7 18. Rc1 Qa5 19. Nc4 Qd8 20. Nxd6 b5 21. Ba3 Qa5 22. Bc5 Qxa2 23. Bxd4 exd4 24. Ra1 Qb2 25. Rxa6 Ra8 26. Qa1 Qxa1 27. Rfxa1 Rxa6 28. Rxa6 d3 29. Bf3 Be5 30. Ra7 Rd8 31. Nb7 Rc8 32. Na5 Rc1+ 33. Kg2 Bc8 34. Nc6 1-0

[Event "Late-Titled-Tuesday-Blitz-March-26-2024"]
[Site "Chess.com"]
[Date "2024.03.26"]
[Round "10"]
[White "Godzillator"]
[Black "teresin05"]
[Result "1-0"]
[WhiteElo "2376"]
[BlackElo "2230"]
[TimeControl "180+1"]
[EndTime "15:53:04 PDT"]
[Termination "Godzillator won by checkmate"]

1. c4 c5 2. Nf3 Nc6 3. g3 g6 4.
Bg2 Bg7 5. O-O d6 6. Nc3 e6 7. b3 Nge7 8. Bb2 O-O 9. e3 a6 10. d4 cxd4 11. Nxd4 Rb8 12. Nxc6 Nxc6 13. Qe2 Qc7 14.
Rad1 Rd8 15. Ne4 Ne5 16. f4 Nd7 17. Bxg7 Kxg7 18. Qb2+ e5 19. Nxd6 Qc5 20. fxe5 Qxe3+ 21. Kh1 Qxe5 22. Nf5+ gxf5 23. Qxe5+ Nxe5 24. Rxd8 b5 25. Re1 Kf6 26. c5 Ke7 27. Rxc8 Rxc8 28. Rxe5+ Kf6 29. Rd5 Re8 30. h4 Re3 31. c6 Rc3 32.
Rd7 Ke6 33. Ra7 Rxg3 34. c7 Rc3 35. Rxa6+ Kd7 36. Rc6 Rxc6 37. Bxc6+ Kxc7 38. Bxb5 Kb6 39. Bc4 f6 40. Bd3 Kc5 41. a3 h6 42. Bxf5 Kd4 43.
b4 Kc4 44. Kg2 Kb5 45. Bd7+ Kc4 46. b5 Kc5 47. a4 Kd6 48. Be8 Ke7 49. b6 Kxe8 50.
b7 Kf7 51. b8=Q Kg6 52. Qf4 Kh5 53. Qf5+ Kxh4 54. Kf3 h5 55. Qxf6+ Kh3 56. Qg5 h4 57. Qg2# 1-0

[Event "Late-Titled-Tuesday-Blitz-March-26-2024"]
[Site "Chess.com"]
[Date "2024.03.26"]
[Round "10"]
[White "only_strong_moves"]
[Black "baki83"]
[Result "1-0"]
[WhiteElo "2706"]
[BlackElo "2894"]
[TimeControl "180+1"]
[EndTime "15:53:08 PDT"]
[Termination "only_strong_moves won by resignation"]

1. Nc3 d5 2. e4 d4 3. Nce2 c5 4. Ng3 Nc6 5. Bc4 e6 6. Nf3 Bd6 7. O-O Nge7 8. Re1 Ng6 9. d3 Qc7 10. c3 h5 11. cxd4 cxd4 12. Ne2 Nce5 13. Nxe5 Nxe5 14.
Bb3 Ng4 15. h3 Bh2+ 16. Kf1 Nf6 17. Nxd4 Bd7 18. Nf3 Bc6 19. Ba4 b5 20. Bc2 Rd8 21. Qe2 Bf4 22. Bxf4 Qxf4 23. Qe3 Qc7 24. Rac1 Ba8 25.
Qg5 O-O 26. d4 Qc4+ 27. Kg1 Qxa2 28. e5 Nh7 29. Bxh7+ Kxh7 30. Qxh5+ Kg8 31. Ng5 1-0

[Event "Late-Titled-Tuesday-Blitz-March-26-2024"]
[Site "Chess.com"]
[Date "2024.03.26"]
[Round "10"]
[White "HajiyevKanan"]
[Black "Fonsofan"]
[Result "1-0"]
[WhiteElo "2583"]
[BlackElo "2757"]
[TimeControl "180+1"]
[EndTime "15:53:11 PDT"]
[Termination "HajiyevKanan won by resignation"]

1. d4 d6 2. Nf3 Nf6 3. g3 g6 4. Bg2 Bg7 5. O-O O-O 6. b3 c5 7. Bb2 Ne4 8. c4 Nc6 9. Nbd2 Bf5 10. e3 Nxd2 11. Qxd2 Be4 12. d5 Bxb2 13. Qxb2 Bxf3 14. Bxf3 Ne5 15. Be2 a6 16. a4 Nd7 17. h4 h5 18.
Kg2 f5 19. Bd3 Nf6 20. Rfe1 Qd7 21. b4 cxb4 22. Qxb4 a5 23. Qc3 e5 24. dxe6 Qxe6 25. Qd4 Qe5 26. Rab1 Rf7 27. Be2 Qxd4 28. exd4 Kg7 29.
Bf3 Rc8 30. Rec1 Ne4 31. Bxe4 fxe4 32. Rb5 Rc6 33. Rxa5 Rfc7 34. c5 dxc5 35. Raxc5 Rxc5 36. Rxc5 Rd7 37. Rb5 Rxd4 38. Rxb7+ Kf6 39. Rb6+ Kf5 40. Rb5+ Kf6 41. a5 Ra4 42. Rb6+ Kf5 43. a6 Ra1 44.
Rb5+ Kf6 45. Rb6+ Kf5 46. Rc6 Ra3 47. Kf1 e3 48. fxe3 Rxe3 49. Rc5+ Kg4 50. Ra5 Re8 51. a7 Ra8 52. Kg2 1-0

[Event "Late-Titled-Tuesday-Blitz-March-26-2024"]
[Site "Chess.com"]
[Date "2024.03.26"]
[Round "10"]
[White "Payyappat"]
[Black "omeed_87"]
[Result "0-1"]
[WhiteElo "2517"]
[BlackElo "2444"]
[TimeControl "180+1"]
[EndTime "15:53:12 PDT"]
[Termination "omeed_87 won by resignation"]

1. e4 e6 2. d4 d5 3. Nc3 Bb4 4.
e5 Bxc3+ 5. bxc3 c5 6. Qg4 Kf8 7. h4 Nc6 8. h5 h6 9. Nf3 Nge7 10. Nh4 Nf5 11. Ba3 Kg8 12. Bxc5 Qa5 13. Rh3 b6 14.
Bd6 Ncxd4 15. Nxf5 Nxf5 16. Bb4 Qa4 17. Bd3 a5 18. Bxf5 exf5 19. Qd4 axb4 20. e6 Bxe6 21. Rg3 Rh7 0-1

[Event "Late-Titled-Tuesday-Blitz-March-26-2024"]
[Site "Chess.com"]
[Date "2024.03.26"]
[Round "10"]
[White "RianKapriaga"]
[Black "andrzej"]
[Result "1-0"]
[WhiteElo "2361"]
[BlackElo "2495"]
[TimeControl "180+1"]
[EndTime "15:53:13 PDT"]
[Termination "RianKapriaga won by checkmate"]

1. d4 d5 2. Nf3 Nf6 3. Bf4 c5 4. e3 Nc6 5. Nbd2 cxd4 6. exd4 Qb6 7. Nb3 Bf5 8. c3 e6 9. Bd3 Bxd3 10. Qxd3 a5 11.
Rb1 a4 12. Nbd2 Be7 13. a3 O-O 14. O-O Na5 15. Rfe1 Rfc8 16. h3 Ne8 17. Re3 g6 18. h4 Ng7 19. Bg5 Bd6 20. Ne5 Nf5 21. Rh3 Bxe5 22.
dxe5 h5 23. Bf6 d4 24. Ne4 Nc4 25. Ng3 Qc5 26. Nxf5 exf5 27. cxd4 Qd5 28. Rg3 Kh7 29. Rg5 Qe4 30. Qd1 Ra5 31. Rxh5+ gxh5 32. Qxh5+ Kg8 33. Qh8# 1-0

[Event "Late-Titled-Tuesday-Blitz-March-26-2024"]
[Site "Chess.com"]
[Date "2024.03.26"]
[Round "10"]
[White "LeninGuerra"]
[Black "CrushingKings"]
[Result "0-1"]
[WhiteElo "2674"]
[BlackElo "2581"]
[TimeControl "180+1"]
[EndTime "15:53:14 PDT"]
[Termination "CrushingKings won by resignation"]

1. e4 g6 2. d4 Bg7 3. Nf3 c6 4. Nc3 d5 5. e5 f6 6. exf6 Nxf6 7. Bd3 Bg4 8. h3 Bxf3 9. Qxf3 O-O 10. Qe2 Qd6 11. O-O Nbd7 12. Re1 Rae8 13. f4 Nh5 14. Qg4 Bxd4+ 15. Kh1 Nxf4 16. Ne2 Nxd3 17. cxd3 Bg7 18.
Ng3 e5 19. Bg5 Nc5 20. Rad1 Ne6 21. h4 Nxg5 22. Qxg5 Rf4 23. h5 Bf6 24. Qh6 Qf8 25. Qxf8+ Kxf8 26. hxg6 hxg6 27. Kg1 Bh4 28. Re3 d4 0-1